 Dungeon Crawl Stone Soup version 0.18.1-50-g88ac8fd (webtiles) character file.

29 Dfrag the Conjurer (level 3, 10/24 HPs)
             Began as a Demonspawn Conjurer on Feb 23, 2018.
             Quit the game on level 2 of the Dungeon.
             The game lasted 00:01:59 (761 turns).

Dfrag the Conjurer (Demonspawn Conjurer)             Turns: 761, Time: 00:02:00

Health: 10/24      AC:  2    Str:  8    XL:     3   Next: 1%
Magic:  1/7        EV: 12    Int: 17    God:
Gold:   20         SH:  0    Dex: 13    Spells: 1 memorised, 6 levels left

rFire  . . .     SeeInvis .     (no weapon)
rCold  . . .     Gourm    .     a - +0 robe
rNeg   . . .     Faith    .     (no shield)
rPois  .         Spirit   .     (helmet restricted)
rElec  .         Dismiss  .     (no cloak)
rCorr  .         Reflect  .     (no gloves)
SustAt .         Harm     .     (no boots)
MR     .....                    (no amulet)
Stlth  ++........               (no ring)
                                (no ring)

@: not resistant to hostile enchantments, unstealthy
A: antennae 1, spiny 1
a: no special abilities


You were on level 2 of the Dungeon.
You were not hungry.

You visited 1 branch of the dungeon, and saw 2 of its levels.

You collected 20 gold pieces.

Inventory:

Armour
 a - a +0 robe (worn)
Scrolls
 f - a scroll of noise {unknown}
 g - 2 scrolls of remove curse {unknown}
 h - a scroll of enchant weapon {unknown}
 i - 2 scrolls of random uselessness {unknown}
 l - 2 scrolls of identify {unknown}
Potions
 d - a potion of cancellation {unknown}
 e - 3 potions of curing {unknown}
 j - a potion of degeneration {unknown}
Books
 b - a book of Conjurations

   Spells                             Type                      Level
   a - Magic Dart                     Conjuration                  1
   b - Searing Ray                    Conjuration                  2
   c - Dazzling Spray                 Conjuration/Hexes            3
   d - Fulminant Prism                Conjuration/Hexes            4
   e - Iskenderun's Mystic Blast      Conjuration                  4
   f - Iskenderun's Battlesphere      Conjuration/Charms           5
Comestibles
 c - a bread ration
 k - a meat ration


   Skills:
 - Level 1.7 Dodging
 - Level 1.7 Stealth
 + Level 2.7 Spellcasting
 + Level 4.4 Conjurations


You had 6 spell levels left.
You knew the following spells:

 Your Spells              Type           Power        Failure   Level  Hunger
a - Magic Dart            Conj           ###.         2%          1    #......


Dungeon Overview and Level Annotations

Branches:
Dungeon (2/15)

Altars:


Innate Abilities, Weirdness & Mutations

You have a pair of small antennae on your head.
You are partially covered in sharp spines.


Message History

You barely miss the quokka.
The quokka is severely wounded.
The quokka bites you. The quokka closely misses you.
You hit the quokka but do no damage.
The quokka is severely wounded.
The quokka bites you.
You barely miss the quokka.
The quokka is severely wounded.
The quokka closely misses you.
You hit the quokka but do no damage.
The quokka is severely wounded.
The quokka barely misses you.
You hit the quokka.
You kill the quokka!
You have reached level 3!
Your experience leads to an increase in your attributes!
Increase (S)trength, (I)ntelligence, or (D)exterity?
You feel clever.
Your demonic ancestry asserts itself...
Sharp spines emerge from parts of your body.
Are you sure you want to abandon this character and quit the game? (Confirm with "yes".)

...####.....##.#####
....+.........#......
#...##...............
#... #.###....#.#.... #
#... #.###....#.#.###
..##...##..##....#.#..##
...(...+.........).>..##
####...##...#....#....##
..>....@.........#....##
........................
....#####........#......
... #........#.#..#. .
##.......#......
#.....#.#....#.
.........(..#.
.....#........ #........


There were no monsters in sight!

Vanquished Creatures
  A dart slug (D:1)
  2 ball pythons
  2 giant cockroaches
  A goblin (D:1)
  3 hobgoblins
  2 jackals (D:1)
  4 kobolds (D:1)
  A quokka (D:2)
  2 bats (D:1)
  2 giant newts (D:1)
  4 rats
24 creatures vanquished.

Notes
Turn   | Place    | Note
--------------------------------------------------------------
     0 | D:1      | Dfrag the Demonspawn Conjurer began the quest for the Orb.
     0 | D:1      | Reached XP level 1. HP: 13/13 MP: 3/3
   222 | D:1      | Gained mutation: You have a pair of small antennae on your head. [demonic ancestry]
   222 | D:1      | Reached XP level 2. HP: 5/19 MP: 0/5
   760 | D:2      | Gained mutation: You are partially covered in sharp spines. [demonic ancestry]
   760 | D:2      | Reached XP level 3. HP: 10/24 MP: 1/7
   761 | D:2      | Quit the game

Action                   || total
-------------------------++-------
Melee: Unarmed           ||    53
 Cast: Magic Dart        ||    44
Armor: Robe              ||    16
Dodge: Dodged            ||    43
